 Dungeon Crawl Stone Soup version 0.18.1-8-gdd0e5ea (webtiles) character file.

259966 vale the Bludgeoner (level 20, -10/160 HPs)
             Began as a Formicid Wizard on May 29, 2016.
             Was the Champion of Kikubaaqudgha.
             Killed from afar by a deep elf mage (27 damage)
             ... with a bolt of lightning
             ... led by an ironheart preserver
             ... on level 1 of the Vaults on May 30, 2016.
             The game lasted 03:59:10 (61919 turns).

vale the Bludgeoner (Formicid Wizard)              Turns: 61919, Time: 03:59:11

Health: -10/160    AC: 17    Str: 13    XL:     20   Next: 72%
Magic:  1/46       EV: 13    Int: 26    God:    Kikubaaqudgha [******]
Gold:   3573       SH: 11    Dex:  9    Spells: 13 memorised, 5 levels left

rFire  + . .     SeeInvis +     a - +6 great mace (pain)
rCold  + . .     Gourm    .     T - +3 leather armour {rC+}
rNeg   . . .     Faith    .     s - +0 shield {reflect}
rPois  .         Spirit   .     (helmet unavailable)
rElec  .         Dismiss  .     H - +2 cloak
rCorr  .         Reflect  +     F - +2 pair of gloves
SustAt .         Harm     .     v - +1 pair of boots
MR     ++...                    f - amulet of regeneration
Stlth  ++........               S - ring of protection from fire
                                B - ring of magical power

@: death channel, repel missiles, very resistant to hostile enchantments,
unstealthy
A: permanent stasis, dig shafts and tunnels, four strong arms, antennae 3
a: Dig, Shaft Self, Receive Corpses, Torment, Renounce Religion
}: 2/15 runes: decaying, gossamer


You were on level 1 of the Vaults.
You worshipped Kikubaaqudgha.
Kikubaaqudgha was exalted by your worship.
You were hungry.

You visited 7 branches of the dungeon, and saw 35 of its levels.
You visited 1 bazaar.
You also visited: Ice Cave.

You collected 4164 gold pieces.
You spent 591 gold pieces at shops.

Inventory:

Hand Weapons
 a - a +6 great mace of pain (weapon)
Missiles
 K - a throwing net (quivered)
Armour
 s - a +0 shield of reflection (worn)
 v - a +1 pair of boots (worn)
 F - a +2 pair of gloves (worn)
 H - a +2 cloak (worn)
 T - a +3 leather armour of cold resistance (worn)
Magical Staves
 b - an uncursed staff of poison
 J - an uncursed staff of air
Jewellery
 f - an amulet of regeneration (around neck)
 j - a +3 ring of intelligence
 r - an uncursed ring of positive energy
 u - an uncursed amulet of dismissal
 B - a ring of magical power (left hand)
 S - a ring of protection from fire (right hand)
 W - an uncursed ring of protection from cold
Wands
 l - a wand of disintegration (5/24)
 C - a wand of acid (5/15)
 D - a wand of enslavement (16/24)
 I - a wand of digging (12/24)
 N - a wand of iceblast (9/15)
Scrolls
 d - 9 scrolls of recharging
 g - a scroll of silence
 i - 11 scrolls of identify
 m - a scroll of enchant armour
 n - 9 scrolls of fog
 o - 5 scrolls of remove curse
 G - 2 scrolls of magic mapping
Potions
 e - 5 potions of flight
 q - 2 potions of cancellation
 x - 3 potions of agility
 z - 3 potions of might
 A - 4 potions of magic
 P - 5 potions of curing
Miscellaneous
 h - a lamp of fire
 L - a sack of spiders {used: 3}
Comestibles
 c - 23 bread rations {@e1}
 k - 32 fruits
 p - a chunk of flesh {@w0}


   Skills:
 * Level 14.3 Fighting
 - Level 20.5 Maces & Flails
 - Level 11.0 Armour
 - Level 6.5 Dodging
 + Level 4.4 Stealth
 - Level 10.3 Shields
 - Level 13.5 Spellcasting
 - Level 9.2 Conjurations
 - Level 1.0 Summonings
 + Level 11.1 Necromancy
   Level 0.8 Translocations


You had 5 spell levels left.
You knew the following spells:

 Your Spells              Type           Power        Failure   Level  Hunger
a - Magic Dart            Conj           ####         1%          1    None
c - Conjure Flame         Conj/Fire      #####...     1%          3    None
d - Mephitic Cloud        Conj/Pois/Air  ####....     4%          3    None
e - Call Imp              Summ           ###.....     4%          2    None
f - Repel Missiles        Chrm/Air       ###...       8%          2    None
g - Regeneration          Chrm/Necr      #####.....   1%          3    None
h - Death Channel         Necr           ######....   8%          6    ####...
i - Bolt of Draining      Conj/Necr      ######....   1%          5    ##.....
n - Animate Dead          Necr           N/A          1%          4    None
o - Vampiric Draining     Necr           ######....   1%          3    None
p - Slow                  Hex            ###.....     8%          2    None
u - Dispel Undead         Necr           ######..     1%          5    ##.....
v - Sublimation of Blood  Necr           ######....   1%          2    None


Dungeon Overview and Level Annotations

Branches:
Dungeon (15/15)            Temple (1/1) D:5            Lair (8/8) D:11
  Swamp (4/4) Lair:5       Spider (4/4) Lair:5        Slime (0/6) Lair:6
    Orc (2/2) D:9             Elf (0/3) Orc:2        Vaults (1/5) D:13
 Depths (0/5) D:15

Altars:
Ashenzari
Cheibriados
Dithmenos
Elyvilon
Fedhas
Gozag
Kikubaaqudgha
Makhleb
Nemelex Xobeh
Okawaru
Pakellas
Qazlal
Ru
Sif Muna
Trog
Vehumet
Xom
Yredelemnul
Zin
The Shining One
Beogh
Lugonu

Shops:
D:6 }   Orc:2 ([[=   Vaults:1 %

Annotations:
D:2 exclusion: Terence, Terence
D:3 tition's ghost, amateur GrFi
D:7 exclusion: sky beast


Innate Abilities, Weirdness & Mutations

You are under a permanent stasis effect.
You can dig through walls and to a lower floor.
Your four strong arms can wield two-handed weapons with a shield.
You have a pair of large antennae on your head (SInv).


Message History

Your spectral ugly thing hits the vault warden.
The deep elf knight misses you.
You block the green ugly thing's attack.
You block the brown ugly thing's attack.
Your white ugly thing tentacle-slaps the green ugly thing but does no damage.
Your spectral ugly thing hits the ironheart preserver!
Your spectral ugly thing drains the ironheart preserver!
Your spectral ugly thing hits the brown ugly thing but does no damage.
Your red ugly thing bites the ironheart preserver.
The ironheart preserver dies!
Kikubaaqudgha accepts your kill.
A glowing mist starts to gather...
Your red ugly thing closely misses the deep elf mage.
The deep elf mage points at you and mumbles some strange words.
The bolt of lightning hits your spectral human.
The bolt of lightning hits your spectral ugly thing.
The bolt of lightning hits the green ugly thing.
The bolt of lightning hits you!
You die...
Kikubaaqudgha rasps: "You have failed me!
Welcome... death!"

............................
............................
............................
............................
(...........................
'###########..........######
.....# #..........# .....#
#########+## .....# #@epp..#
.....# #uuZ†Z.# .....#
#)uZZ†.# .....# #uZZ...#
.....# #.Z..e.# .....#
#.+.e....# .....#
'...#..u...# .....#
..#e..#......# .....# .'..
########


You could see 2 vault wardens, 2 ugly things, a deep elf archer, a deep elf
knight (invisible), a deep elf mage, 3 friendly ugly things, 4 friendly spectral
ugly things, a friendly spectral elf, a friendly spectral human and a friendly
human zombie.

Vanquished Creatures
  Arachne (Spider:2)
  Rupert (D:15)
  Agnes (Spider:1)
  6 thorn hunters
  Kirke (Spider:1)
  A tengu reaver (D:12)
  An orc warlord (Orc:2)
  Donald (Swamp:3)
  4 ghost moths
  4 emperor scorpions
  A frost giant (D:13)
  A very ugly thing (Swamp:2)
  A deep elf annihilator (Vaults:1)
  The ghost of sugabear the Nimble, a journeyman VSGl of Qazlal (IceCv)
  Josephine (D:12)
  A deep elf death mage (Vaults:1)
  4 vault guards
  A fire dragon (Vaults:1)
  2 entropy weavers
  20 hydras
  2 catoblepae (Lair:8)
  An ice dragon (D:13)
  4 centaur warriors
  An ogre mage (D:15)
  The ghost of icedcoffee the Cleaver, a novice MiBe of Trog (Orc:1)
  9 alligators
  An anaconda (shapeshifter) (D:15)
  Urug (D:10)
  5 death yaks
  An orc high priest (Orc:2)
  3 deep elf knights
  The ghost of tition the Protected, a novice GrBe of Trog (Orc:2)
  4 unseen horrors
  7 swamp dragons
  A spriggan druid (Swamp:4)
  6 shambling mangroves
  A phantasmal warrior (D:12)
  13 hill giants
  A giant orange brain (Vaults:1)
  3 harpies (Vaults:1)
  3 orc knights
  A deep elf archer (D:13)
  8 cyclopes
  21 orb spiders
  6 orc sorcerers
  3 griffons
  27 ugly things
  8 hornets
  29 wolf spiders
  2 deep elf magi (D:13)
  5 manticores
  14 elephants
  5 moths of wrath
  2 centaur zombies
  4 black mambas
  A guardian serpent (shapeshifter) (D:14)
  19 spiny frogs
  A torpor snail (Lair:7)
  2 gargoyles
  9 komodo dragons
  2 rime drakes
  4 kobold demonologists (Vaults:1)
  A komodo dragon (shapeshifter) (D:13)
  10 demonic crawlers
  2 efreet (D:15)
  2 yaktaurs
  30 polar bears
  2 tengu conjurers (D:12)
  11 trolls
  6 giant leeches
  19 jumping spiders
  5 bog bodies
  23 blink frogs
  3 boulder beetles
  9 two-headed ogres
  11 slime creatures
  2 raiju (Lair:8)
  26 tarantellas
  65 redbacks
  8 spriggans
  3 shadows
  A vampire (D:11)
  2 water elementals (D:13)
  5 wraiths
  65 yaks
  A wyvern (D:14)
  5 hogs (Spider:1)
  3 basilisks
  2 hungry ghosts (D:13)
  6 hippogriffs
  14 wargs
  16 vampire mosquitoes
  5 insubstantial wisps (Swamp:3)
  A mottled dragon (D:11)
  6 soldier ants
  17 swamp worms
  6 hell hounds (Lair:8)
  12 porcupines
  11 water moccasins
  24 ice beasts
  15 black bears
  30 orc warriors
  3 sky beasts
  16 wasps
  2 phantoms
  11 swamp drakes
  2 necrophages
  A tengu (D:9)
  An eye of draining (D:10)
  45 wolves
  27 ogres
  11 crocodiles
  14 centaurs
  2 big kobolds (Vaults:1)
  14 giant frogs
  A gnoll sergeant (D:8)
  A water moccasin skeleton (D:9)
  A wyvern skeleton (D:13)
  2 scorpions
  12 killer bees
  4 howler monkeys
  7 electric eels
  8 crimson imps
  5 giant frog zombies
  17 jellies
  24 orc priests
  12 hounds
  A giant frog skeleton (D:7)
  9 centaur skeletons
  23 orc wizards
  A two-headed ogre zombie (Orc:1)
  Jessica (D:2)
  16 worker ants
  9 iguanas
  3 hell rats (Lair:1)
  A statue (D:9)
  27 sheep
  A hound skeleton (D:4)
  2 howler monkey zombies
  7 adders
  4 gnolls (D:8)
  47 river rats
  5 shadow imps
  4 oozes
  An adder zombie (D:7)
  An adder skeleton (D:5)
  2 worms
  2 dart slugs
  11 giant geckos
  101 orcs
  8 giant cockroaches
  12 goblins
  10 hobgoblins
  16 jackals
  6 quokkas
  3 ball pythons
  6 bats
  4 giant newts
  4 kobolds
  15 rats
  4 briar patches (Swamp:3)
  3 plants (Lair:8)
1394 creatures vanquished.

Vanquished Creatures (collateral kills)
  Saint Roka (Orc:2)
  Frances (Swamp:1)
  Gastronok (Lair:1)
  4 thorn hunters
  A vault warden (Vaults:1)
  A frost giant (IceCv)
  4 ironheart preservers (Vaults:1)
  A spark wasp (Spider:3)
  2 entropy weavers
  3 hydras
  Erolcha (Orc:1)
  2 alligators
  A queen ant (Spider:1)
  A swamp dragon (Swamp:4)
  A spriggan druid (Swamp:4)
  A shambling mangrove (Swamp:3)
  An ironbrand convoker (Vaults:1)
  A harpy (Vaults:1)
  A hill giant (D:12)
  An orc knight (Vaults:1)
  A deep elf archer (Vaults:1)
  4 wolf spiders
  A deep elf mage (Vaults:1)
  2 oklob plants (Swamp:3)
  A manticore (D:15)
  A moth of wrath (Spider:3)
  2 griffons
  2 orb spiders
  6 ugly things
  A guardian serpent (D:12)
  A vault sentinel (Vaults:1)
  3 elephants
  A spiny frog (Swamp:3)
  A black mamba (Lair:8)
  3 gargoyles
  A rime drake (Lair:5)
  2 komodo dragons
  5 demonic crawlers
  A polar bear (Lair:8)
  9 jumping spiders
  A troll (D:14)
  6 blink frogs
  A boulder beetle (Spider:1)
  2 raiju (Lair:8)
  3 slime creatures
  2 bog bodies (Swamp:2)
  14 redbacks
  2 spriggans
  6 tarantellas
  A wyvern (D:12)
  A yak (Lair:3)
  A hog (Spider:1)
  2 basilisks
  4 hippogriffs
  A vampire mosquito (Vaults:1)
  3 swamp worms
  2 wargs
  2 water moccasins (Lair:8)
  4 porcupines
  3 orc warriors
  3 swamp drakes
  4 ice beasts
  A sky beast (D:9)
  5 wasps
  A wolf (Lair:3)
  5 crocodiles
  A wyvern skeleton (D:13)
  A scorpion (D:6)
  2 killer bees (D:13)
  3 electric eels
  3 jellies (Lair:6)
  5 hounds (Lair:8)
  An orc wizard (Orc:2)
  2 iguanas
  2 worker ants
  11 sheep
  A sheep (shapeshifter) (D:15)
  A worker ant zombie (D:7)
  A gnoll (D:2)
  3 adders (D:2)
  8 river rats
  A worm (D:2)
  14 orcs
  2 jackals (Lair:8)
  A kobold (Vaults:1)
  A bush (Lair:7)
  2 butterflies (Lair:5)
  5 fungi
  7 plants
236 creatures vanquished.

Vanquished Creatures (others)
  The ghost of tition the Blocker, a journeyman GrFi of Okawaru (IceCv)
  A cyclops (D:15)
  A tarantella (Spider:4)
  A yak (IceCv)
  An orc warrior (Vaults:1)
  An orc (D:12)
  5 bushes (D:12)
  20 fungi
  13 plants
44 creatures vanquished.

Grand Total: 1674 creatures vanquished

Notes
Turn   | Place    | Note
--------------------------------------------------------------
     0 | D:1      | vale the Formicid Wizard began the quest for the Orb.
     0 | D:1      | Reached XP level 1. HP: 13/13 MP: 4/4
     7 | D:1      | Reached skill level 1 in Conjurations
   263 | D:1      | Reached XP level 2. HP: 19/19 MP: 3/6
   508 | D:1      | Learned a level 2 spell: Call Imp
   795 | D:1      | Reached XP level 3. HP: 23/24 MP: 0/7
   864 | D:1      | Learned a level 3 spell: Mephitic Cloud
  2010 | D:2      | Reached XP level 4. HP: 30/30 MP: 3/8
  2325 | D:2      | Noticed Jessica
  2332 | D:2      | Killed Jessica
  2471 | D:2      | Found a sparkling altar of Nemelex Xobeh.
  2546 | D:2      | Noticed Terence
  2878 | D:2      | Learned a level 3 spell: Conjure Flame
  2972 | D:3      | Noticed tition's ghost (amateur GrFi)
  3075 | D:2      | Reached XP level 5. HP: 9/35 MP: 9/9
  3705 | D:3      | Found a glowing drain.
  3924 | D:3      | Found a faded altar to an unknown god.
  4527 | D:3      | Learned a level 2 spell: Repel Missiles
  4749 | D:4      | Noticed an ogre
  4882 | D:4      | Reached XP level 6. HP: 26/41 MP: 6/12
  5457 | D:3      | Learned a level 2 spell: Slow
  5637 | D:3      | Reached skill level 5 in Spellcasting
  6039 | D:4      | Killed an ogre
  6311 | D:4      | Found a blossoming altar of Fedhas.
  6503 | D:4      | Reached XP level 7. HP: 46/46 MP: 15/15
  6751 | D:5      | Entered Level 5 of the Dungeon
  6759 | D:5      | Noticed a troll
  6805 | D:5      | Found an oddly glowing altar of Pakellas.
  7185 | D:5      | Reached skill level 5 in Conjurations
  7849 | D:5      | Found a staircase to the Ecumenical Temple.
  7860 | Temple   | Entered the Ecumenical Temple
  7898 | Temple   | Became a worshipper of Kikubaaqudgha
  8024 | D:5      | Reached XP level 8. HP: 18/52 MP: 15/16
  8365 | D:6      | Noticed a troll
  8370 | D:6      | Killed a troll
  8499 | D:6      | Found Dasapnum's Quality Used Wands.
  8818 | D:6      | Reached skill level 5 in Dodging
  9073 | D:6      | Reached XP level 9. HP: 47/57 MP: 17/17
  9090 | D:6      | Reached * piety under Kikubaaqudgha
  9090 | D:6      | Received a gift from Kikubaaqudgha
  9093 | D:6      | Identified Kikubaaqudgha's Tome of Black Rituals (Kikubaaqudgha gifted it to you on level 6 of the Dungeon)
  9178 | D:6      | Learned a level 3 spell: Vampiric Draining
  9359 | D:6      | Found a bloodstained altar of Trog.
  9438 | D:6      | Reached skill level 1 in Necromancy
 10080 | D:7      | Found a shimmering altar of Xom.
 10334 | D:7      | Reached skill level 1 in Fighting
 10334 | D:7      | Reached skill level 1 in Armour
 10566 | D:7      | Found a shadowy altar of Dithmenos.
 10824 | D:8      | Found a glowing golden altar of the Shining One.
 11040 | D:8      | Found a shadowy altar of Dithmenos.
 11618 | D:8      | Got a scorched hand crossbow
 11619 | D:8      | Identified the cursed +3 hand crossbow "Kuprarr" {velocity, MP+9 Str+3} (You found it on level 8 of the Dungeon)
 12439 | D:9      | Found a radiant altar of Vehumet.
 12709 | D:9      | Reached XP level 10. HP: 55/73 MP: 18/18
 12800 | D:9      | Reached skill level 5 in Fighting
 12805 | D:9      | Reached ** piety under Kikubaaqudgha
 12848 | D:9      | Noticed Grum
 12923 | D:9      | Found an opulent altar of Gozag.
 12924 | D:9      | Found a deep blue altar of Sif Muna.
 13103 | D:9      | Noticed Grum
 13103 | D:9      | Grum changed into Grum the tengu
 13117 | D:9      | Killed Grum the tengu
 13117 | D:9      | Reached skill level 5 in Necromancy
 13305 | D:9      | Found a stormy altar of Qazlal.
 13321 | D:9      | Found a staircase to the Orcish Mines.
 13508 | D:9      | Found a glowing silver altar of Zin.
 13939 | D:9      | Found a glowing golden altar of the Shining One.
 13940 | D:9      | Found a shattered altar of Ashenzari.
 14425 | D:10     | Entered Level 10 of the Dungeon
 14510 | D:10     | Learned a level 4 spell: Animate Dead
 14760 | D:10     | Noticed Urug
 14803 | D:10     | Killed Urug
 14803 | D:10     | Reached XP level 11. HP: 69/89 MP: 4/19
 16086 | D:10     | Reached *** piety under Kikubaaqudgha
 16086 | D:10     | Received a gift from Kikubaaqudgha
 16087 | D:10     | Identified Kikubaaqudgha's Volume of Evil Secrets (Kikubaaqudgha gifted it to you on level 10 of the Dungeon)
 16102 | D:10     | Reached skill level 5 in Armour
 16410 | D:11     | You fall through a shaft for 2 floors!
 16410 | D:13     | Noticed a hill giant
 16412 | D:13     | Noticed a deep elf mage
 16413 | D:13     | Noticed a seven-headed hydra
 16413 | D:13     | You fall through a shaft for 2 floors!
 16413 | D:15     | Entered Level 15 of the Dungeon
 16508 | D:15     | Noticed a lindwurm
 16533 | D:15     | a lindwurm changed into a torpor snail
 16552 | D:15     | Noticed an anaconda
 16554 | D:15     | Killed an anaconda
 16554 | D:15     | Reached skill level 2 in Maces & Flails
 16568 | D:15     | Reached skill level 3 in Maces & Flails
 16657 | D:15     | Noticed a purple ugly thing
 16675 | D:15     | Noticed a hill giant
 16678 | D:15     | Noticed a white ugly thing
 16681 | D:15     | Noticed a hell hog
 16693 | D:15     | Killed a white ugly thing
 16710 | D:15     | Killed a hill giant
 16710 | D:15     | Reached skill level 4 in Maces & Flails
 16719 | D:15     | Noticed a purple ugly thing
 16730 | D:15     | Killed a purple ugly thing
 16730 | D:15     | Reached skill level 5 in Maces & Flails
 16800 | D:15     | Noticed a wolf spider
 16804 | D:15     | Killed a wolf spider
 16874 | D:15     | Noticed a manticore
 16880 | D:15     | Killed a manticore
 16890 | D:15     | Noticed a cyclops
 16907 | D:15     | Killed a cyclops
 16907 | D:15     | Reached skill level 6 in Maces & Flails
 16907 | D:15     | Reached XP level 12. HP: 96/96 MP: 19/20
 17078 | D:15     | Noticed an ogre mage
 17119 | D:15     | Reached skill level 7 in Maces & Flails
 17145 | D:15     | Killed an ogre mage
 17308 | D:15     | Reached skill level 8 in Maces & Flails
 17676 | D:14     | Noticed an unseen horror
 17940 | D:14     | Killed an unseen horror
 17940 | D:14     | Reached skill level 9 in Maces & Flails
 18290 | D:13     | Noticed an ice dragon
 18486 | D:14     | Noticed a centaur warrior
 18503 | D:14     | Killed a centaur warrior
 18503 | D:14     | Reached skill level 1 in Shields
 18664 | D:14     | Reached skill level 10 in Maces & Flails
 18962 | D:14     | Noticed a centaur warrior
 18970 | D:14     | Killed a centaur warrior
 18970 | D:14     | Reached XP level 13. HP: 67/101 MP: 15/23
 18977 | D:14     | Learned a level 5 spell: Bolt of Draining
 19570 | D:13     | Noticed a centaur warrior
 19859 | D:14     | Reached skill level 11 in Maces & Flails
 19973 | D:14     | Reached skill level 5 in Shields
 20479 | D:13     | You fall through a shaft!
 20691 | D:13     | Killed an ice dragon
 20972 | D:13     | Killed a seven-headed hydra
 20975 | D:13     | Reached skill level 12 in Maces & Flails
 21320 | D:13     | Killed a centaur warrior
 21544 | D:13     | Reached **** piety under Kikubaaqudgha
 21556 | D:13     | Noticed a vault guard
 21566 | D:13     | Killed a vault guard
 22070 | D:12     | Reached XP level 14. HP: 50/108 MP: 12/26
 22123 | D:12     | Learned a level 3 spell: Regeneration
 22224 | D:12     | Noticed Josephine
 22254 | D:12     | Killed Josephine
 22264 | D:11     | Found a blossoming altar of Fedhas.
 22312 | D:11     | Found a staircase to the Lair.
 22657 | D:11     | Reached skill level 13 in Maces & Flails
 23180 | Lair:1   | Entered Level 1 of the Lair of Beasts
 23322 | Lair:1   | Noticed Gastronok
 23345 | Lair:1   | Killed Gastronok
 24591 | Lair:1   | Reached ***** piety under Kikubaaqudgha
 25504 | Lair:2   | You fall through a shaft!
 26071 | Lair:3   | Reached skill level 10 in Spellcasting
 26238 | Lair:3   | Reached skill level 14 in Maces & Flails
 27790 | Lair:4   | Reached XP level 15. HP: 114/114 MP: 19/29
 28666 | Lair:4   | Got a sparkling amethyst amulet
 28679 | Lair:4   | Identified the amulet of Usaice {Spirit +Blink rPois rF- Int+3} (You found it on level 4 of the Lair of Beasts)
 28912 | Lair:5   | Found a hole to the Spider Nest.
 28970 | Lair:5   | Found a staircase to the Swamp.
 29231 | Lair:5   | Found a frozen archway.
 29247 | Lair:5   | Reached skill level 10 in Shields
 29254 | IceCv    | Entered an ice cave
 29380 | IceCv    | Killed tition's ghost
 29476 | IceCv    | Reached ****** piety under Kikubaaqudgha
 29626 | IceCv    | Noticed sugabear's ghost (journeyman VSGl)
 29688 | IceCv    | Killed sugabear's ghost
 29866 | IceCv    | Reached skill level 15 in Maces & Flails
 29927 | IceCv    | Noticed a frost giant
 30001 | IceCv    | Killed a frost giant
 30794 | Lair:1   | Learned a level 5 spell: Dispel Undead
 30839 | Orc:1    | Entered Level 1 of the Orcish Mines
 30975 | Orc:2    | Entered Level 2 of the Orcish Mines
 30984 | Orc:2    | Noticed tition's ghost (novice GrBe)
 31023 | Orc:2    | Found a flickering gateway to a bazaar.
 31053 | Bazaar   | Entered a bazaar
 31053 | Bazaar   | Found Beil's Assorted Antiques.
 31056 | Bazaar   | Found Neucaew's Magic Scroll Boutique.
 31068 | Bazaar   | Found Vutal's Distillery.
 31075 | Bazaar   | Bought a potion of heal wounds for 55 gold pieces
 31075 | Bazaar   | Bought a potion of heal wounds for 55 gold pieces
 31085 | Bazaar   | Found Zekhiopn's Magic Scroll Shoppe.
 31092 | Bazaar   | Bought a scroll of silence for 82 gold pieces
 31092 | Bazaar   | Bought a scroll of identify for 22 gold pieces
 31109 | Bazaar   | Bought a potion of agility for 44 gold pieces
 31109 | Bazaar   | Bought a potion of invisibility for 88 gold pieces
 31109 | Bazaar   | Bought a potion of might for 44 gold pieces
 31118 | Bazaar   | Bought a scroll of enchant armour for 75 gold pieces
 31156 | Bazaar   | Bought a scroll of amnesia for 38 gold pieces
 31175 | Bazaar   | Bought a potion of cancellation for 88 gold pieces
 31553 | Orc:1    | Noticed icedcoffee's ghost (novice MiBe)
 31599 | Orc:1    | Killed icedcoffee's ghost
 32213 | Orc:1    | Noticed Erolcha
 32217 | Orc:1    | Killed Erolcha
 32542 | Orc:2    | Found a roughly hewn altar of Beogh.
 32542 | Orc:2    | Found Keirphij's Armour Emporium.
 32898 | Orc:2    | Found a staircase to the Elven Halls.
 33002 | Orc:2    | Found a roughly hewn altar of Beogh.
 33033 | Orc:2    | Killed tition's ghost
 33135 | Orc:2    | Noticed an orc warlord
 33175 | Orc:2    | Killed an orc warlord
 33368 | Orc:2    | Noticed Saint Roka
 33745 | Orc:2    | Found a roughly hewn altar of Beogh.
 33748 | Orc:2    | Found Meudwia's Jewellery Shoppe.
 33827 | Orc:2    | Found a roughly hewn altar of Beogh.
 34066 | Lair:1   | Identified a +2 great mace of pain (a +0 great mace bloodied by Kikubaaqudgha)
 34066 | Lair:1   | Received a gift from Kikubaaqudgha
 34463 | Lair:5   | Reached XP level 16. HP: 120/120 MP: 30/30
 35075 | Lair:6   | Found a staircase to the Slime Pits.
 36574 | Lair:8   | Entered Level 8 of the Lair of Beasts
 36764 | Lair:8   | Reached skill level 16 in Maces & Flails
 38058 | Lair:8   | Identified the Incunabulum of Transmutation and Protection
 38402 | Lair:8   | Reached skill level 17 in Maces & Flails
 38402 | Lair:8   | Reached XP level 17. HP: 110/126 MP: 24/31
 38923 | Lair:1   | Learned a level 2 spell: Sublimation of Blood
 39031 | Orc:2    | Found Dotav's Antique Weapon Shop.
 39178 | Orc:2    | Found Feobaos's Antique Armour Boutique.
 39179 | Orc:2    | Found a roughly hewn altar of Beogh.
 39291 | Orc:2    | Found a roughly hewn altar of Beogh.
 39436 | Orc:2    | Killed Saint Roka
 39436 | Orc:2    | Reached skill level 10 in Armour
 39794 | Swamp:1  | Entered Level 1 of the Swamp
 40167 | Swamp:1  | Noticed Frances
 40187 | Swamp:1  | HP: 2/126 [Frances/iron shot (59)]
 40200 | Swamp:1  | Killed Frances
 41016 | Swamp:2  | Noticed a thorn hunter
 41032 | Swamp:2  | Killed a thorn hunter
 41403 | Swamp:2  | Noticed a thorn hunter
 41414 | Swamp:2  | Killed a thorn hunter
 41641 | Swamp:2  | Reached skill level 18 in Maces & Flails
 42243 | Swamp:3  | Noticed Donald
 42262 | Swamp:3  | Killed Donald
 42597 | Swamp:3  | Noticed a thorn hunter
 42640 | Swamp:3  | Killed a thorn hunter
 42664 | Swamp:3  | Noticed a thorn hunter
 42728 | Swamp:3  | Killed a thorn hunter
 42965 | Swamp:3  | Noticed a thorn hunter
 42977 | Swamp:3  | Noticed a thorn hunter
 42980 | Swamp:3  | Killed a thorn hunter
 43009 | Swamp:3  | Killed a thorn hunter
 43173 | Swamp:3  | Got a faintly glowing pewter amulet
 43174 | Swamp:3  | Identified the amulet "Womyleca" {Dismiss *Confuse rC- rN+ Dex+7} (You found it on level 3 of the Swamp)
 43305 | Swamp:3  | Noticed a thorn hunter
 43320 | Swamp:3  | Killed a thorn hunter
 44061 | D:13     | Gained mutation: Your magical capacity is low (-10% MP). [a neqoxec]
 44062 | D:13     | Gained mutation: You are dopey. (Int -2) [a neqoxec]
 44063 | D:13     | Reached skill level 19 in Maces & Flails
 44310 | D:12     | Reached XP level 18. HP: 92/132 MP: 28/28
 44763 | D:13     | Lost mutation: Your magical capacity is low (-10% MP). [potion of cure mutation]
 44763 | D:13     | Lost mutation: You are dopey. (Int -2) [potion of cure mutation]
 44837 | D:13     | Found a gate to the Vaults.
 46143 | D:15     | Noticed Rupert
 46166 | D:15     | Killed Rupert
 46350 | D:15     | Found a blossoming altar of Fedhas.
 46703 | D:15     | Found a staircase to the Depths.
 46964 | D:15     | Reached skill level 20 in Maces & Flails
 47451 | Spider:1 | Entered Level 1 of the Spider Nest
 47780 | Spider:1 | Noticed Agnes
 47792 | Spider:1 | Killed Agnes
 48278 | Spider:1 | Noticed Kirke
 48583 | Spider:1 | Killed Kirke
 49418 | Spider:1 | Reached skill level 10 in Fighting
 49619 | Spider:1 | Got a pitted ring mail
 49620 | Spider:1 | Identified the cursed +0 ring mail of the Moon {rElec rCorr Int+3 Dex-2} (You found it on level 1 of the Spider Nest)
 50073 | Spider:2 | Noticed Arachne
 50093 | Spider:2 | Killed Arachne
 50177 | Spider:2 | Reached XP level 19. HP: 92/140 MP: 26/33
 53680 | Spider:4 | Entered Level 4 of the Spider Nest
 56674 | Spider:4 | Got a gossamer rune of Zot
 56783 | Spider:1 | Reached skill level 10 in Necromancy
 56930 | Lair:1   | Learned a level 6 spell: Death Channel
 57406 | Swamp:4  | Entered Level 4 of the Swamp
 57976 | Swamp:3  | Reached XP level 20. HP: 48/155 MP: 37/37
 59650 | Swamp:4  | Got a decaying rune of Zot
 60015 | Vaults:1 | Entered Level 1 of the Vaults
 61396 | Vaults:1 | Found Ilopsuffa's Food Boutique.
 61912 | Vaults:1 | HP: 8/160 [deep elf mage/bolt of lightning[an ironheart preserver] (15)]
 61919 | Vaults:1 | Killed from afar by a deep elf mage

Skill      XL: |  1  2  3  4  5  6  7  8  9 10 11 12 13 14 15 16 17 18 19 20 |
---------------+-------------------------------------------------------------+-----
Conjurations   | 1 2 3 4 6 9 |  9.2
Spellcasting   | 4 5 6 8 10 13 | 13.5
Dodging        | 5 6 |  6.5
Necromancy     | 3 6 8 9 10 11 | 11.1
Fighting       | 4 9 10 12 14 | 14.3
Armour         | 2 5 7 9 11 | 11.0
Maces & Flails | 6 10 12 14 15 17 19 20 | 20.5
Shields        | 2 7 9 10 | 10.3
Stealth        | 4 |  4.4
Summonings     | |  1.0
Translocations | |  0.8

Action                   |  1- 3 |  4- 6 |  7- 9 | 10-12 | 13-15 | 16-18 | 19-21 || total
-------------------------+-------+-------+-------+-------+-------+-------+-------++-------
Melee: Whip              |     5 |    14 |       |       |       |       |       ||    19
       Dagger            |       |    18 |       |       |       |       |       ||    18
       Morningstar       |       |     6 |    81 |   303 |  1321 |       |       ||  1711
       Great mace        |       |       |       |       |    16 |  1032 |   540 ||  1588
       Staff             |       |       |       |       |       |       |     2 ||     2
 Fire: Hand crossbow     |       |       |    27 |    71 |    66 |       |       ||   164
Throw: Throwing net      |       |       |       |       |     2 |       |       ||     2
 Cast: Magic Dart        |    88 |   136 |   246 |   135 |   116 |    28 |    15 ||   764
       Call Imp          |     9 |    14 |     6 |    14 |     3 |       |       ||    46
       Mephitic Cloud    |       |    11 |    21 |    42 |    44 |    25 |     6 ||   149
       Conjure Flame     |       |     4 |    21 |    44 |    55 |    33 |    44 ||   201
       Repel Missiles    |       |     1 |     3 |     1 |     5 |     3 |       ||    13
       Slow              |       |     1 |       |     2 |       |       |       ||     3
       Vampiric Draining |       |       |       |    28 |    50 |    37 |    21 ||   136
       Animate Dead      |       |       |       |    24 |   112 |   136 |    96 ||   368
       Bolt of Draining  |       |       |       |       |   174 |   247 |   214 ||   635
       Regeneration      |       |       |       |       |    18 |    45 |    37 ||   100
       Dispel Undead     |       |       |       |       |     5 |    22 |    15 ||    42
       Death Channel     |       |       |       |       |       |       |     3 ||     3
Invok: Receive Corpses   |       |       |       |     6 |     8 |    17 |    12 ||    43
       Brand Weapon With |       |       |       |       |     1 |       |       ||     1
 Abil: Dig               |       |     2 |       |     5 |     9 |    12 |     3 ||    31
       Shaft Self        |       |       |       |     2 |     1 |       |       ||     3
Evoke: Wand              |       |     2 |     2 |     9 |     8 |       |       ||    21
       Sack of spiders   |       |       |       |       |       |     4 |       ||     4
       Lamp of fire      |       |       |       |       |       |     1 |       ||     1
  Use: Potion            |       |     5 |       |     3 |     4 |    12 |    10 ||    34
       Scroll            |       |    10 |     8 |     8 |    18 |    12 |     5 ||    61
 Stab: Confused          |       |     2 |     1 |     6 |    12 |     5 |       ||    26
       Sleeping          |       |     1 |       |       |     1 |     1 |       ||     3
       Distracted        |       |       |       |     1 |     3 |    14 |     4 ||    22
       Invisible         |       |       |       |       |     1 |       |     2 ||     3
  Eat: Chunk             |     3 |    12 |    21 |    17 |    45 |    47 |    29 ||   174
       Meat ration       |       |     1 |       |     1 |     6 |     3 |     2 ||    13
       Royal jelly       |       |       |       |     1 |     1 |    13 |       ||    15
       Beef jerky        |       |       |       |     1 |     3 |     4 |     1 ||     9
       Fruit             |       |       |       |     2 |     2 |     5 |     8 ||    17
       Pizza             |       |       |       |       |     1 |     1 |     1 ||     3
       Bread ration      |       |       |       |       |     1 |     1 |     2 ||     4
Armor: Robe              |     1 |     9 |    46 |    32 |       |       |       ||    88
       Skin              |       |     9 |       |       |       |       |       ||     9
       Leather armour    |       |       |       |   122 |   436 |   273 |   290 ||  1121
Dodge: Dodged            |    13 |    40 |   109 |   259 |   600 |   529 |   390 ||  1940
       Deflected         |       |       |    14 |     5 |    19 |    14 |     8 ||    60
Block: Shield            |       |       |       |       |   506 |   534 |   396 ||  1436
       Reflection        |       |       |       |       |       |    14 |    11 ||    25
